 Dungeon Crawl Stone Soup version 0.24.0-123-gd5b16e6ec5 (webtiles) character file.

Game seed: 13874790746018648161, levelgen mode: deterministic

1902357 flt the Sorcerer (level 27, 183/183 HPs)
             Began as an Octopode Venom Mage on Dec 24, 2019.
             Was the Champion of Vehumet.
             Escaped with the Orb
             ... and 4 runes on Dec 27, 2019!
             The game lasted 08:31:51 (110038 turns).

flt the Sorcerer (Octopode Venom Mage)            Turns: 110038, Time: 08:31:52

Health: 183/183    AC:  6    Str: 11    XL:     27
Magic:  45/63      EV: 33    Int: 45    God:    Vehumet [******]
Gold:   3331       SH: 25    Dex: 29    Spells: 3/78 levels left

rFire    + + +     SeeInvis +   a - staff of wizardry
rCold    + + .     Gourm    .   R - +5 shield {reflect}
rNeg     + + +     Faith    .   A - +3 hat of Pondering {ponderous, MR+ MP+10 Int+5}
rPois    +         Spirit   .   X - +6 amulet of reflection
rElec    +         Reflect  +   K - ring "Ranouloc" {AC+2 Int+3 Dex+4}
rCorr    .         Harm     .   o - ring of Qigur {rElec rF+ rC+ Dex+3}
MR       +++..                  p - ring "Sidaun" {rPois rN+ SInv Stlth-}
Stlth    +++.......             Y - ring of Ongugg {rC+ Dex+4 Slay+3 Stlth+}
HPRegen  0.40/turn              w - ring "Nudaal" {Wiz rF+ rN+ Str+2 Stlth-}
MPRegen  0.38/turn              T - ring of the Postmodern Hells {rN+ Int+2 Dex+3}
                                y - ring of Abstinence {*Corrode rF+ rN+ Int+3}
                                N - +6 ring of intelligence

@: slow
A: almost no armour, stealthy swim, amphibious, 8 rings, constrict 8, camouflage
1, mutation resistance 1, gelatinous body 1
0: Orb of Zot
}: 4/15 runes: serpentine, barnacled, slimy, silver
a: Renounce Religion


You escaped.
You worshipped Vehumet.
Vehumet was exalted by your worship.
You were not hungry.

You visited 12 branches of the dungeon, and saw 58 of its levels.
You visited the Abyss 1 time.
You also visited: Bailey and Ice Cave.

You collected 9649 gold pieces.
You spent 6318 gold pieces at shops.

Inventory:

Hand Weapons
 b - the +9 staff of Olgreb {rPois}
   (You found it on level 5 of the Pits of Slime)

   It protects you from poison.
 m - the +7 war axe of Recklessness {holy, +Blink rElec}
   (You found it on level 3 of the Realm of Zot)

   It has been blessed by the Shining One to cause great damage to the undead
   and demons.
   It insulates you from electricity.
   It lets you blink.
Missiles
 W - 7 throwing nets (quivered)
Armour
 A - the +3 hat of Pondering (worn) {ponderous, MR+ MP+10 Int+5}
   (You found it on level 3 of the Elven Halls)

   It affects your intelligence (+5).
   It affects your resistance to hostile enchantments.
   It affects your magic capacity (+10).
 R - a +5 shield of reflection (worn)
Magical Staves
 a - an uncursed staff of wizardry (weapon)
Jewellery
 o - the ring of Qigur (right tentacle) {rElec rF+ rC+ Dex+3}
   (You found it on level 5 of the Pits of Slime)

   [ring of protection from fire]

   It affects your dexterity (+3).
   It protects you from fire.
   It protects you from cold.
   It insulates you from electricity.
 p - the ring "Sidaun" (on tentacle) {rPois rN+ SInv Stlth-}
   (You found it on level 2 of the Depths)

   [ring of see invisible]

   It protects you from poison.
   It protects you from negative energy.
   It lets you see invisible.
   It makes you less stealthy.
 s - an uncursed ring of positive energy
 w - the ring "Nudaal" (on tentacle) {Wiz rF+ rN+ Str+2 Stlth-}
   (You bought it in a shop on level 5 of the Depths)

   [ring of wizardry]

   It improves your spell success rate.
   It affects your strength (+2).
   It protects you from fire.
   It protects you from negative energy.
   It makes you less stealthy.
 y - the ring of Abstinence (on tentacle) {*Corrode rF+ rN+ Int+3}
   (You found it on level 3 of the Crypt)

   [ring of positive energy]

   It affects your intelligence (+3).
   It protects you from fire.
   It protects you from negative energy.
   It may corrode you when you take damage.
 J - an uncursed ring of magical power
 K - the ring "Ranouloc" (left tentacle) {AC+2 Int+3 Dex+4}
   (You found it on level 2 of the Depths)

   [ring of protection]

   It affects your AC (+2).
   It affects your intelligence (+3).
   It affects your dexterity (+4).
 N - a +6 ring of intelligence (on tentacle)
 O - the ring of Bathot {MR- rCorr Str+5}
   (You found it on level 2 of the Realm of Zot)

   [ring of resist corrosion]

   It affects your strength (+5).
   It affects your resistance to hostile enchantments.
   It provides partial protection from all sources of acid and corrosion.
 Q - the ring of Ozxog {rF+ rN+ SInv}
   (You found it on level 3 of the Crypt)

   [ring of positive energy]

   It protects you from fire.
   It protects you from negative energy.
   It lets you see invisible.
 T - the ring of the Postmodern Hells (on tentacle) {rN+ Int+2 Dex+3}
   (You took it off a big kobold on level 10 of the Dungeon)

   [ring of positive energy]

   It affects your intelligence (+2).
   It affects your dexterity (+3).
   It protects you from negative energy.
 X - a +6 amulet of reflection (around mantle)
 Y - the ring of Ongugg (on tentacle) {rC+ Dex+4 Slay+3 Stlth+}
   (You bought it in a shop on level 5 of the Depths)

   [ring of stealth]

   It affects your dexterity (+4).
   It affects your accuracy and damage with ranged weapons and melee attacks
   (+3).
   It protects you from cold.
   It makes you more stealthy.
Wands
 c - a wand of enslavement (30)
 j - a wand of clouds (6)
 t - a wand of disintegration (47)
 v - a wand of scattershot (9)
 E - a wand of digging (13)
 M - a wand of acid (28)
 S - a wand of paralysis (37)
Scrolls
 e - 33 scrolls of remove curse
 i - 11 scrolls of teleportation
 r - 5 scrolls of holy word
 x - 7 scrolls of identify
 B - 15 scrolls of fear
 G - 8 scrolls of immolation
 H - 3 scrolls of magic mapping
 P - a scroll of blinking
 Z - 7 scrolls of fog
Potions
 f - 2 potions of might
 h - 6 potions of invisibility
 k - 21 potions of curing
 n - 5 potions of agility
 q - 11 potions of haste
 u - 14 potions of lignification
 z - 5 potions of cancellation
 D - 5 potions of heal wounds
 F - a potion of ambrosia
 I - 5 potions of resistance
 L - 10 potions of mutation
 U - 10 potions of brilliance
Miscellaneous
 d - a fan of gales
 l - 3 phantom mirrors
 V - 6 boxes of beasts
Comestibles
 g - 40 rations


   Skills:
 - Level 14.0 Fighting
 - Level 6.0 Staves
 - Level 18.0 Dodging
 - Level 15.0 Stealth
 - Level 15.0 Shields
 * Level 26.2 Spellcasting
 - Level 23.0 Conjurations
 - Level 2.0 Translocations
 + Level 5.1 Fire Magic
 - Level 18.0 Ice Magic
 - Level 7.0 Air Magic
 - Level 4.0 Earth Magic
 - Level 17.0 Poison Magic
 - Level 8.0 Evocations


You had 3 spell levels left.
You knew the following spells:

 Your Spells              Type           Power        Failure   Level  Hunger
a - Chain Lightning       Conj/Air       ########..   1%          8    None
c - Confuse               Hex            ######..     1%          3    None
d - Fire Storm            Conj/Fire      ########..   9%          9    None
g - Glaciate              Conj/Ice       ########..   1%          9    None
o - Orb of Destruction    Conj           ########..   0%          7    None
r - Olgreb's Toxic Radia  Pois           ########     0%          4    None
s - Lehudib's Crystal Sp  Conj/Erth      ########..   1%          8    None
A - Apportation           Tloc           ######       1%          1    None
B - Blink                 Tloc           N/A          1%          2    None
D - Deflect Missiles      Chrm/Air       ######....   2%          6    None
J - Aura of Abjuration    Summ           ######....   1%          5    None
O - Ozocubu's Armour      Chrm/Ice       #######.     0%          3    None
R - Regeneration          Chrm/Necr      ######....   1%          3    None
S - Spellforged Servitor  Conj/Summ      ########..   1%          7    None

Your spell library contained the following spells:

 Spells                   Type           Power        Failure   Level  Hunger
 Flame Tongue             Conj/Fire      #####        0%          1    None
 Freeze                   Ice            ####         0%          1    None
 Magic Dart               Conj           ####         0%          1    None
 Shock                    Conj/Air       ####         0%          1    None
 Sting                    Conj/Pois      ####         0%          1    None
 Ensorcelled Hibernation  Hex/Ice        ######       0%          2    None
 Poisonous Vapours        Pois/Air       ######       0%          2    None
 Searing Ray              Conj           ######       0%          2    None
 Throw Flame              Conj/Fire      ######       0%          2    None
 Throw Frost              Conj/Ice       ######       0%          2    None
 Conjure Flame            Conj/Fire      ########     0%          3    None
 Dazzling Spray           Conj/Hex       ######       0%          3    None
 Mephitic Cloud           Conj/Pois/Air  ########     0%          3    None
 Spider Form              Tmut/Pois      #######...   0%          3    None
 Static Discharge         Conj/Air       ########     0%          3    None
 Stone Arrow              Conj/Erth      ######       0%          3    None
 Animate Skeleton         Necr           N/A          1%          1    None
 Beastly Appendage        Tmut           ######       1%          1    None
 Confusing Touch          Hex            ######       1%          1    None
 Corona                   Hex            ######.      1%          1    None
 Infusion                 Chrm           ####         1%          1    None
 Sandblast                Erth           ######       1%          1    None
 Summon Butterflies       Summ           ######..     1%          1    None
 Summon Small Mammal      Summ           ####         1%          1    None
 Call Imp                 Summ           ######..     1%          2    None
 Passwall                 Tmut/Erth      ######..     1%          2    None
 Shroud of Golubria       Chrm/Tloc      ######       1%          2    None
 Slow                     Hex            ######..     1%          2    None
 Song of Slaying          Chrm           ######..     1%          2    None
 Sticks to Snakes         Tmut           ######..     1%          2    None
 Sublimation of Blood     Necr           ######....   1%          2    None
 Swiftness                Chrm/Air       ######..     1%          2    None
 Call Canine Familiar     Summ           ######..     1%          3    None
 Gell's Gravitas          Tloc           ######....   1%          3    None
 Ignite Poison            Fire/Tmut/Pois #######.     1%          3    None
 Inner Flame              Hex/Fire       ######..     1%          3    None
 Lesser Beckoning         Tloc           ######....   1%          3    None
 Portal Projectile        Hex/Tloc       ######       1%          3    None
 Recall                   Summ/Tloc      N/A          1%          3    None
 Spectral Weapon          Hex/Chrm       ######..     1%          3    None
 Summon Guardian Golem    Hex/Summ       ######..     1%          3    None
 Teleport Other           Tloc           ######..     1%          3    None
 Tukima's Dance           Hex            ######..     1%          3    None
 Force Lance              Conj/Tloc      ########     0%          4    None
 Fulminant Prism          Conj/Hex       ########..   0%          4    None
 Iskenderun's Mystic Bla  Conj           ########     0%          4    None
 Sticky Flame             Conj/Fire      ########     0%          4    None
 Throw Icicle             Conj/Ice       ########     0%          4    None
 Fireball                 Conj/Fire      ########..   0%          5    None
 Lightning Bolt           Conj/Air       ########..   0%          5    None
 Venom Bolt               Conj/Pois      ########..   0%          5    None
 Poison Arrow             Conj/Pois      ########..   0%          6    None
 Airstrike                Air            #######...   1%          4    None
 Animate Dead             Necr           N/A          1%          4    None
 Cause Fear               Hex            ######....   1%          4    None
 Ice Form                 Ice/Tmut       #######.     1%          4    None
 Leda's Liquefaction      Hex/Erth       ######....   1%          4    None
 Petrify                  Tmut/Erth      ######..     1%          4    None
 Summon Ice Beast         Ice/Summ       #######.     1%          4    None
 Summon Lightning Spire   Summ/Air       ######..     1%          4    None
 Alistair's Intoxication  Tmut/Pois      #######.     1%          5    None
 Blade Hands              Tmut           ######....   1%          5    None
 Bolt of Magma            Conj/Fire/Erth ########..   1%          5    None
 Borgnjor's Vile Clutch   Necr/Erth      ######....   1%          5    None
 Irradiate                Conj/Tmut      ########..   1%          5    None
 Metabolic Englaciation   Hex/Ice        #######...   1%          5    None
 Silence                  Hex/Air        ######....   1%          5    None
 Summon Demon             Summ           ######....   1%          5    None
 Summon Forest            Summ/Tloc      ######....   1%          5    None
 Summon Mana Viper        Hex/Summ       ######..     1%          5    None
 Yara's Violent Unravell  Hex/Tmut       ######....   1%          5    None
 Freezing Cloud           Conj/Ice/Air   ########..   1%          6    None
 Iron Shot                Conj/Erth      ########..   1%          6    None
 Simulacrum               Ice/Necr       #######...   1%          6    None
 Dispersal                Tloc           ######....   4%          6    None
 Statue Form              Tmut/Erth      ######...    4%          6    None
 Death Channel            Necr           ######....   11%         6    None
 Hydra Form               Tmut           ######....   11%         6    None
 Invisibility             Hex            ######..     11%         6    None
 Shadow Creatures         Summ           N/A          11%         6    None
 Ring of Flames           Chrm/Fire      ######....   17%         7    None
 Ignition                 Fire           #######...   19%         8    None
 Dragon Form              Tmut           ######....   45%         7    None
 Summon Hydra             Summ           ######....   45%         7    None
 Tornado                  Air            #######...   73%         9    None
 Controlled Blink         Tloc           N/A          82%         8    None
 Disjunction              Tloc           ######....   82%         8    None
 Shatter                  Erth           #######...   96%         9    None
 Discord                  Hex            ######....   97%         8    None
 Passage of Golubria      Tloc           Unusable     N/A         4    N/A

Dungeon Overview and Level Annotations

Branches:
Dungeon (15/15)            Temple (1/1) D:5            Lair (6/6) D:8
 Shoals (4/4) Lair:4        Snake (4/4) Lair:2        Slime (5/5) Lair:5
    Orc (2/2) D:11            Elf (3/3) Orc:2        Vaults (5/5) D:13
  Crypt (3/3) Vaults:3       Tomb (0/3) Crypt:3      Depths (5/5) D:15
    Zot (5/5) Depths:5     Bailey (visited)           IceCv (visited)

Altars:
Ashenzari
Cheibriados
Dithmenos
Elyvilon
Fedhas
Gozag
Hepliaklqana
Kikubaaqudgha
Makhleb
Nemelex Xobeh
Okawaru
Qazlal
Ru
Sif Muna
Trog
Uskayaw
Vehumet
Wu Jian
Xom
Yredelemnul
Zin
The Shining One

Shops:
D:6 (   D:11 (   D:14 :   Orc:1 [   Orc:2 [!?!   Elf:3 [   Shoals:1 *
Snake:1 }=}   Snake:2 ?   Snake:4 %   Vaults:1 **[:!   Vaults:3 ?[**[
Vaults:4 !   Vaults:5 :   Depths:5 =

Portals:
Hell: Depths:1 Depths:2 Depths:3 Depths:4 Depths:5
Abyss: Depths:4
Pandemonium: Depths:3
Ziggurat: Depths:1

Annotations:
Zot:4 3 runed translucent doors, Beclu's ghost, legendary GnSk


Innate Abilities, Weirdness & Mutations

You cannot wear most types of armour.
You are very stealthy in the water. (Stealth+)
You are amphibious.
You can wear up to eight rings at the same time.
You can use your tentacles to constrict eight enemies at once.
Your skin changes colour to match your surroundings (Stealth+).
Your rubbery body absorbs attacks. (AC +1, EV +1)
You are somewhat resistant to further mutation.


Message History

You kill the eye of draining!
Vehumet accepts your kill.
You feel your power returning.
You hit the bat.
You kill the bat!
Vehumet accepts your kill.
You feel your power returning.
You see here a bat corpse.
You butcher the bat corpse.
C - a chunk of flesh You see here a bat skeleton.
(D) Dungeon (T) Temple (L) Lair (A) Shoals (P) Snake Pit (M) Slime Pits (O) Orcish Mines (E) Elven Halls (V) Vaults (C) Crypt (W) Tomb (U) Depths (H) Hell (Z) Zot
Where to? (Enter - D:1 @ (x,y), ? - help) Eating a chunk of flesh.
You eat the chunk of flesh.
This raw flesh tastes terrible.
There is a staircase leading out of the dungeon here.
You have escaped!

###............#
##################...##.....#####
.[...................##.....#
##########...###.###.[......#
####.###≈#.#≈###...[..#
#######....##≈P....≈##.#....#
#...>...####≈P8P..8.≈#.#....#
#.####### ##≈P....≈####....# #.#
##≈♣.@.P≈######.###
..##########≈♣8♣.P8P≈#.......#
...........##≈♣≈.≈P≈####.##.##
##...###....##≈#.#≈##.......#
..##.#....#..###.###....#####
.............##.####...##
##..............#......#
...........####.#......#
.#.....................#


There were no monsters in sight!

Vanquished Creatures
  the Royal Jelly (Slime:5)
  2 orbs of fire (Zot:5)
  Mara (Snake:3)
  2 ancient liches
  A juggernaut (Depths:2)
  Vashnia (Snake:4)
  Bai Suzhen (Vaults:3)
  8 Killer Klowns
  Frederick (Crypt:2)
  Margery (Crypt:2)
  Xtahua (Depths:3)
  The ghost of mantisjm the Hoplite, a veteran HOFi of Qazlal (Vaults:2)
  Saint Roka (Vaults:4)
  3 curse toes
  11 golden dragons
  Nikola (Depths:2)
  Jory (Depths:5)
  A profane servitor (Abyss:2)
  the Enchantress (Depths:3)
  3 bone dragons
  2 electric golems
  A Tzitzimitl (D:14)
  A hellephant (Abyss:3)
  3 Brimstone Fiends
  14 tentacled monstrosities
  25 Orb Guardians (Zot:5)
  5 liches
  2 titans
  A Hell Sentinel (Zot:1)
  Asterion (Elf:1)
  3 deep elf blademasters
  5 quicksilver dragons
  A deep elf master archer (Elf:3)
  16 acid blobs
  2 ancient champions
  Gastronok (D:11)
  10 death cobs
  16 storm dragons
  8 tentacled starspawn
  2 Executioners
  13 shadow dragons
  2 krakens
  Polyphemus (Shoals:2)
  2 thorn hunters (Depths:3)
  3 sphinxes
  6 draconian monks
  Donald (Crypt:1)
  Roxanne (Shoals:3)
  Ilsuiw (Shoals:3)
  10 nagarajas
  8 tengu reavers
  9 azure jellies (Slime:5)
  15 fire giants
  10 deep elf sorcerers
  7 draconian knights
  2 draconian scorchers
  A cacodemon (Vaults:2)
  5 frost giants
  4 iron dragons
  2 balrugs (Depths:5)
  4 deep elf elementalists
  21 vault wardens
  A reaper (Depths:4)
  7 ghouls
  7 draconian shifters
  4 war gargoyles (Crypt:3)
  A ghost moth (Zot:1)
  24 stone giants
  3 entropy weavers
  4 draconian stormcallers
  4 spriggan defenders
  2 draconian annihilators
  19 very ugly things
  The ghost of teukkam the Impaler, a journeyman MiFi of Ashenzari (Shoals:4)
  12 starcursed masses
  13 ironheart preservers
  An entropy weaver (shapeshifter) (Vaults:5)
  5 vampire knights
  6 deep elf demonologists
  10 deep elf annihilators
  7 green draconians
  15 black draconians
  The ghost of hitsuchi the Geomancer, a journeyman DDEE of Makhleb (Lair:4)
  8 red draconians
  8 purple draconians
  A lorocyproca (Abyss:3)
  11 spark wasps
  10 yellow draconians
  9 white draconians
  13 deep elf death magi
  A merfolk javelineer (Shoals:3)
  3 crystal guardians (Crypt:3)
  2 eidola (Crypt:2)
  14 ettins
  Josephine (D:10)
  8 jiangshi
  7 death oozes (Slime:5)
  5 deep elf high priests
  12 fire dragons
  A quicksilver dragon zombie (Crypt:3)
  2 merfolk impalers
  Harold (D:11)
  6 yaktaur captains
  7 hydras
  37 vault guards
  18 great orbs of eyes
  7 rakshasas
  12 ice dragons
  14 naga warriors
  Erica (D:10)
  A catoblepas (Shoals:2)
  8 spriggan air magi
  A two-headed ogre (shapeshifter) (Vaults:4)
  5 anacondas
  4 centaur warriors
  30 dancing weapons
  2 merfolk aquamancers
  8 death yaks
  6 satyrs
  7 merfolk avatars
  4 death knights
  3 alligator snapping turtles
  17 deep troll earth magi
  38 two-headed ogres
  A queen ant (Lair:3)
  6 tengu warriors
  5 thrashing horrors
  3 orc high priests (Orc:2)
  11 ogre magi
  6 vampire magi
  6 deep troll shamans
  A titan zombie (Crypt:2)
  5 shock serpents
  13 naga sharpshooters
  18 hell knights
  3 spriggan berserkers
  Sonja (D:10)
  24 deep elf knights
  A titan skeleton (Vaults:5)
  A fire crab (shapeshifter) (D:13)
  2 storm dragon zombies
  A salamander mystic (Depths:1)
  Nergalle (Lair:3)
  5 wretched stars (Abyss:3)
  A fire crab (Lair:6)
  2 shadow wraiths
  16 skeletal warriors
  3 iron trolls
  4 flayed ghosts
  13 sea snakes
  2 spatial maelstroms (Abyss:3)
  3 unseen horrors
  39 deep trolls
  A storm dragon skeleton (Abyss:2)
  2 spriggan druids (Depths:3)
  7 naga ritualists
  6 glowing orange brains
  9 phantasmal warriors
  9 wizards
  16 deep elf archers
  A shadow dragon zombie (Crypt:3)
  15 ironbrand convokers
  24 harpies
  A wolf spider zombie (D:15)
  2 iron dragon zombies
  12 orc knights
  3 fire giant zombies
  9 mana vipers
  2 orb spiders (shapeshifter)
  14 necromancers
  8 orc sorcerers
  7 shining eyes
  11 salamanders
  49 ugly things
  7 oklob plants
  7 wolf spiders
  16 fauns
  4 cyclopes
  54 deep elf magi
  13 manticores
  15 elephants
  34 black mambas
  3 guardian serpents
  A worldbinder (Abyss:3)
  An apocalypse crab (Abyss:2)
  29 moths of wrath
  16 merfolk sirens
  2 frost giant skeletons (Crypt:3)
  9 vault sentinels
  2 molten gargoyles (Lair:6)
  A shock serpent zombie (Crypt:2)
  A water nymph (shapeshifter) (Depths:3)
  A dire elephant zombie (Crypt:2)
  16 naga magi
  A stone giant skeleton (Crypt:3)
  7 water nymphs
  10 smoke demons
  6 spiny frogs
  A gargoyle (D:14)
  A titan simulacrum (Crypt:1)
  3 ice statues (IceCv)
  7 eyes of devastation
  A red draconian zombie (Crypt:2)
  A yaktaur zombie (Vaults:5)
  An ice devil (D:3)
  A catoblepas zombie (Crypt:1)
  A hellion (D:4)
  3 rime drakes
  50 yaktaurs
  6 freezing wraiths
  A komodo dragon (shapeshifter) (Elf:1)
  12 komodo dragons
  A catoblepas skeleton (Crypt:1)
  5 tengu conjurers
  2 efreet (Abyss:3)
  A hellwing (Abyss:3)
  4 ancient zymes
  28 merfolk
  A queen bee (shapeshifter) (Vaults:2)
  A harpy zombie (Crypt:3)
  7 wind drakes
  A troll (shapeshifter) (Depths:3)
  6 trolls
  A hornet (shapeshifter) (Depths:1)
  3 hornets
  2 dream sheep (shapeshifter)
  140 slime creatures
  A wolf spider simulacrum (Crypt:1)
  17 blink frogs
  A hydra skeleton (Crypt:2)
  An alligator zombie (Crypt:3)
  A snapping turtle (shapeshifter) (Vaults:5)
  11 hippogriffs
  19 raiju (Abyss:3)
  12 snapping turtles
  A stone giant simulacrum (Crypt:1)
  A spriggan (Depths:4)
  2 air elementals
  35 flying skulls
  4 shadows
  A shock serpent simulacrum (Crypt:2)
  An ice dragon skeleton (Crypt:3)
  18 wraiths
  33 yaks
  A spriggan (shapeshifter) (Vaults:5)
  Sigmund (D:3)
  A vampire (D:10)
  3 ynoxinuls
  23 water elementals
  A wyvern (shapeshifter) (Depths:4)
  8 wyverns
  3 ettin skeletons
  A tarantella (Vaults:1)
  5 redbacks
  7 basilisks
  A fire bat (Abyss:2)
  2 golden eyes (shapeshifter)
  5 golden eyes (Slime:2)
  2 steam dragons (Lair:6)
  2 fire elementals (Elf:1)
  A basilisk (shapeshifter) (Depths:4)
  6 vampire mosquitoes
  An emperor scorpion simulacrum (Crypt:1)
  A hungry ghost (D:13)
  3 chaos spawn
  A swamp worm (shapeshifter) (Vaults:5)
  4 wargs
  5 spatial vortices (Abyss:3)
  16 large abominations
  A torturous demonspawn zombie (Crypt:1)
  16 soldier ants
  5 acid dragons
  An insubstantial wisp (Abyss:3)
  54 nagas
  4 hell hounds (Lair:6)
  A spiny frog zombie (Crypt:3)
  A gelid demonspawn skeleton (Crypt:1)
  7 porcupines
  12 water moccasins
  A porcupine (shapeshifter) (Vaults:2)
  A floating eye (shapeshifter) (Vaults:3)
  A swamp drake (shapeshifter) (Vaults:2)
  7 sky beasts
  4 phantoms
  18 ice beasts
  2 snapping turtle zombies
  A dream sheep zombie (Crypt:2)
  An eye of draining (shapeshifter) (Vaults:5)
  5 eyes of draining
  3 black bears
  5 necrophages
  29 ogres
  41 orc warriors
  16 boggarts
  12 centaurs
  A crocodile (shapeshifter) (Vaults:2)
  2 snapping turtle skeletons
  16 crocodiles
  A swamp dragon skeleton (Crypt:2)
  2 big kobolds
  20 bullfrogs
  A rime drake skeleton (Crypt:1)
  A wyvern zombie (D:4)
  An earth elemental (Elf:2)
  9 scorpions
  2 wyvern skeletons
  A scorpion (shapeshifter) (Depths:3)
  4 killer bees
  An orc simulacrum (Vaults:1)
  2 howler monkeys (D:11)
  5 electric eels
  8 crimson imps
  2 centaur zombies
  2 lava snakes (Lair:6)
  3 quasits
  2 bullfrog zombies
  2 human simulacra
  3 iron imps
  5 jellies
  8 hounds
  14 orc priests
  3 centaur skeletons
  34 orc wizards
  7 iguanas
  49 worker ants
  A killer bee zombie (D:8)
  19 small abominations
  A dwarf zombie (Crypt:1)
  2 ogre skeletons
  A hound zombie (D:10)
  2 hound skeletons
  3 worker ant zombies
  A howler monkey skeleton (D:10)
  A gnoll (shapeshifter) (Vaults:5)
  A scorpion zombie (Crypt:1)
  An adder (shapeshifter) (Depths:5)
  13 adders
  4 gnolls (D:3)
  A river rat (shapeshifter) (Vaults:2)
  6 shadow imps
  4 white imps
  2 ufetubi (Abyss:3)
  2 oozes
  An ooze (shapeshifter) (Vaults:2)
  2 adder zombies
  An adder skeleton (D:7)
  2 worms
  2 dart slugs (D:2)
  9 leopard geckos
  108 orcs
  9 bats
  A bat (shapeshifter) (Vaults:2)
  A giant cockroach (D:1)
  3 hobgoblins
  17 jackals
  6 quokkas
  6 ball pythons
  4 frilled lizards
  A gnoll skeleton (Crypt:1)
  7 goblins
  A jackal skeleton (Crypt:1)
  16 kobolds
  A leopard gecko skeleton (D:3)
  5 rats
  10 blocks of ice
  A butterfly (Lair:3)
  A fire vortex (Lair:6)
  A fungus (Lair:6)
  2 lurking horrors (Abyss:3)
  24 plants
  2 starspawn tentacles
  A tentacle (Shoals:3)
2776 creatures vanquished.

Vanquished Creatures (collateral kills)
  An ancient lich (Zot:5)
  An orb of fire (Zot:5)
  A Killer Klown (Zot:5)
  A golden dragon (Zot:5)
  2 electric golems
  4 tentacled monstrosities
  A quicksilver dragon (Zot:3)
  2 death cobs
  3 shadow dragons
  A draconian monk (Zot:1)
  A storm dragon (Zot:4)
  A blood saint (Depths:5)
  A stone giant (Depths:3)
  3 green draconians
  A yellow draconian (Zot:1)
  A deep elf annihilator (Depths:3)
  A purple draconian (Zot:4)
  2 spark wasps (Depths:3)
  2 moths of wrath
  A block of ice (Zot:5)
31 creatures vanquished.

Vanquished Creatures (others)
  An entropy weaver (Vaults:2)
  6 stone giants
  5 yaktaur captains
  A centaur warrior (Depths:1)
  A satyr (Shoals:4)
  2 orc knights
  A cyclops (Vaults:1)
  7 yaktaurs
  2 merfolk
  A water elemental (Abyss:3)
  A centaur (Depths:1)
  202 blocks of ice
  8 fungi
  2 lurking horrors
  85 plants
  10 starspawn tentacles
  8 tentacles
  4 toadstools (D:1)
347 creatures vanquished.

Grand Total: 3154 creatures vanquished

Notes
Turn   | Place    | Note
-------+----------+-------------------------------------------
     0 | D:1      | flt the Octopode Venom Mage began the quest for the Orb.
     0 | D:1      | Reached XP level 1. HP: 11/11 MP: 3/3
   125 | D:1      | Reached XP level 2. HP: 17/17 MP: 0/5
   478 | D:1      | Reached XP level 3. HP: 21/21 MP: 4/6
   744 | D:2      | Learned a level 3 spell: Mephitic Cloud
   967 | D:2      | Reached XP level 4. HP: 19/27 MP: 3/7
  1277 | D:3      | Found an opulent altar of Gozag.
  1407 | D:3      | Learned a level 4 spell: Olgreb's Toxic Radiance
  1660 | D:3      | Noticed Sigmund
  1675 | D:3      | Killed Sigmund
  1675 | D:3      | Reached skill level 3 in Spellcasting
  1675 | D:3      | Reached skill level 5 in Poison Magic
  1675 | D:3      | Reached XP level 5. HP: 31/31 MP: 0/9
  1675 | D:3      | Reached XP level 6. HP: 36/36 MP: 0/10
  2550 | D:4      | Noticed a phantom
  2843 | D:4      | Reached XP level 7. HP: 41/41 MP: 8/12
  3351 | D:5      | Entered Level 5 of the Dungeon
  3668 | D:5      | Reached skill level 4 in Spellcasting
  3762 | D:5      | Learned a level 3 spell: Conjure Flame
  3764 | D:5      | Found a staircase to the Ecumenical Temple.
  3775 | Temple   | Entered the Ecumenical Temple
  3896 | Temple   | Became a worshipper of Vehumet
  3981 | D:5      | Reached skill level 1 in Fighting
  3988 | D:5      | Learned a level 2 spell: Blink
  4033 | D:5      | Reached XP level 8. HP: 48/48 MP: 14/14
  4400 | D:6      | Noticed a +0 dagger
  4401 | D:6      | Noticed a +0 dagger
  4402 | D:6      | Found a hide-covered altar of Uskayaw.
  5208 | D:6      | Found Ker Cide's Antique Weapon Shoppe.
  5211 | D:6      | Bought a smoking falchion for 224 gold pieces
  5211 | D:6      | Identified the +5 falchion of Broken Luck {pain, Dex+3}
                  | (You bought it in a shop on level 6 of the Dungeon)
  5345 | D:6      | Reached skill level 5 in Spellcasting
  5398 | D:6      | Reached skill level 5 in Stealth
  5494 | D:6      | Reached XP level 9. HP: 40/55 MP: 10/16
  5597 | D:6      | Reached * piety under Vehumet
  5597 | D:6      | Offered knowledge of Sandblast by Vehumet.
  5888 | D:6      | Learned a level 5 spell: Venom Bolt
  5924 | D:7      | Reached skill level 1 in Air Magic
  6041 | D:7      | Reached skill level 5 in Conjurations
  7260 | D:8      | Offered knowledge of Throw Flame by Vehumet.
  7262 | D:8      | Reached ** piety under Vehumet
  7263 | D:8      | Noticed a manticore
  7264 | D:8      | Reached skill level 10 in Poison Magic
  7283 | D:8      | Killed a manticore
  7413 | D:8      | Reached XP level 10. HP: 57/63 MP: 15/17
  7540 | D:8      | Found a staircase to the Lair.
  7601 | D:8      | Noticed a two-headed ogre
  7612 | D:8      | Killed a two-headed ogre
  8176 | D:9      | Offered knowledge of Stone Arrow by Vehumet.
  8415 | D:9      | Found a flagged portal.
  8424 | Bailey   | Entered a bailey
  8527 | Bailey   | Reached *** piety under Vehumet
  8587 | Bailey   | Noticed an orc knight
  8615 | Bailey   | Killed an orc knight
  8726 | Bailey   | Found the +1 cloak of Starlight {rElec rC+ EV+4 Stlth--}
  8726 | Bailey   | Found a bloodstained altar of Trog.
  9127 | D:9      | Found a shadowy altar of Dithmenos.
  9157 | D:9      | Noticed a two-headed ogre
  9166 | D:9      | Killed a two-headed ogre
  9166 | D:9      | Reached skill level 5 in Fighting
  9421 | D:6      | Bought a slimy hand axe for 224 gold pieces
  9421 | D:6      | Identified the +7 hand axe of Cowardice {drain, rElec rF-
                  | Str+4} (You bought it in a shop on level 6 of the Dungeon)
  9631 | D:7      | Reached XP level 11. HP: 72/72 MP: 0/19
 10005 | D:9      | Learned a level 3 spell: Stone Arrow
 10320 | D:10     | Entered Level 10 of the Dungeon
 10356 | D:10     | Noticed Sonja
 10359 | D:10     | Killed Sonja
 10359 | D:10     | Offered knowledge of Iskenderun's Mystic Blast by Vehumet.
 10598 | D:10     | Reached skill level 6 in Spellcasting
 10787 | D:10     | Noticed a manticore
 10799 | D:10     | Killed a manticore
 11192 | D:10     | Reached **** piety under Vehumet
 11225 | D:10     | Noticed Erica
 11232 | D:10     | Killed Erica
 11403 | D:10     | Identified the ring of Agnosticism {rC+ Int+4 Dex-3}
 11403 | D:10     | Noticed a wizard
 11407 | D:10     | Paralysed by a wizard for 2 turns
 11426 | D:10     | Paralysed by a wizard for 4 turns
 11430 | D:10     | Killed a wizard
 11430 | D:10     | Reached skill level 5 in Dodging
 11663 | D:10     | Identified the ring of Reimbursement {+Blink rCorr}
 12244 | D:10     | Noticed Josephine
 12252 | D:10     | Killed Josephine
 12588 | D:10     | Noticed a two-headed ogre
 12597 | D:10     | Killed a two-headed ogre
 12597 | D:10     | Reached skill level 1 in Translocations
 12597 | D:10     | Reached skill level 15 in Poison Magic
 12726 | D:10     | Identified the ring of the Postmodern Hells {rN+ Int+2
                  | Dex+3}
 13082 | D:10     | Got a faintly glowing copper amulet
 13173 | D:11     | Noticed Harold
 13318 | D:11     | Found Fenlamoi's Weapon Emporium.
 13327 | D:11     | Offered knowledge of Bolt of Magma by Vehumet.
 13342 | D:11     | Found a staircase to the Orcish Mines.
 13396 | D:11     | Reached XP level 12. HP: 80/80 MP: 22/22
 13720 | D:11     | Killed Harold
 13720 | D:11     | Reached skill level 10 in Stealth
 13880 | D:11     | Reached skill level 7 in Spellcasting
 13886 | D:11     | Noticed Gastronok
 13898 | D:11     | Killed Gastronok
 14379 | Orc:1    | Entered Level 1 of the Orcish Mines
 14379 | Orc:1    | Found Uteczus's Armour Shoppe.
 14379 | Orc:1    | Found a frozen archway.
 14379 | Orc:1    | Noticed a two-headed ogre
 14836 | D:11     | Killed a two-headed ogre
 14927 | IceCv    | Entered an ice cave
 15499 | IceCv    | Reached ***** piety under Vehumet
 16294 | Orc:1    | Offered knowledge of Iron Shot by Vehumet.
 16446 | Orc:1    | Learned a level 6 spell: Iron Shot
 16621 | Orc:2    | Entered Level 2 of the Orcish Mines
 16637 | Orc:2    | Noticed an ettin
 16641 | Orc:2    | Killed an ettin
 16722 | Orc:2    | Reached XP level 13. HP: 64/88 MP: 14/24
 16872 | Orc:2    | Reached skill level 8 in Spellcasting
 17752 | Orc:2    | Found a staircase to the Elven Halls.
 18660 | Orc:2    | Found Efilan's Distillery.
 18660 | Orc:2    | Found Zet Resh's Armour Boutique.
 18662 | Orc:2    | Found Aghoejaj's Magic Scroll Emporium.
 18662 | Orc:2    | Found Diphaoc's Distillery.
 18677 | Orc:2    | Bought 2 potions of might for 88 gold pieces
 18677 | Orc:2    | Bought a potion of invisibility for 88 gold pieces
 18677 | Orc:2    | Bought a potion of curing for 33 gold pieces
 18678 | Orc:2    | Bought a scroll of magic mapping for 49 gold pieces
 18678 | Orc:2    | Bought a scroll of brand weapon for 280 gold pieces
 18678 | Orc:2    | Bought a scroll of magic mapping for 49 gold pieces
 18678 | Orc:2    | Bought a scroll of identify for 28 gold pieces
 18678 | Orc:2    | Identified the amulet of Xaihext {Harm *Drain Int+5 Stlth-}
                  | (You found it on level 10 of the Dungeon)
 18684 | Orc:2    | Bought a potion of brilliance for 52 gold pieces
 18684 | Orc:2    | Bought a potion of curing for 39 gold pieces
 18684 | Orc:2    | Bought a potion of curing for 39 gold pieces
 18684 | Orc:2    | Bought a potion of heal wounds for 65 gold pieces
 18684 | Orc:2    | Bought a potion of heal wounds for 65 gold pieces
 18693 | Orc:2    | Bought 2 potions of cancellation for 208 gold pieces
 18693 | Orc:2    | Bought a potion of resistance for 130 gold pieces
 18807 | Lair:1   | Entered Level 1 of the Lair of Beasts
 18942 | Lair:1   | Reached skill level 10 in Dodging
 20258 | Lair:2   | Found a staircase to the Snake Pit.
 20430 | Lair:2   | Reached skill level 9 in Spellcasting
 20541 | Lair:2   | Offered knowledge of Spellforged Servitor by Vehumet.
 21316 | Lair:3   | Reached XP level 14. HP: 97/97 MP: 27/27
 21412 | Lair:3   | Learned a level 7 spell: Spellforged Servitor
 21877 | Lair:3   | Noticed Nergalle
 21884 | Lair:3   | Killed Nergalle
 22174 | Lair:4   | Reached skill level 10 in Spellcasting
 22500 | Lair:4   | Found a staircase to the Shoals.
 22777 | Lair:4   | Reached skill level 10 in Fighting
 23049 | Lair:4   | Found a runed translucent gate.
 23049 | Lair:4   | Found a runed translucent gate.
 23049 | Lair:4   | Found a runed translucent gate.
 23050 | Lair:4   | Noticed hitsuchi's ghost (journeyman DDEE)
 24420 | Lair:6   | Entered Level 6 of the Lair of Beasts
 24812 | Lair:6   | Reached skill level 11 in Spellcasting
 25023 | Lair:6   | Reached skill level 10 in Conjurations
 25687 | Lair:6   | Reached XP level 15. HP: 105/105 MP: 23/30
 25783 | Lair:6   | Reached ****** piety under Vehumet
 25789 | Lair:6   | Offered knowledge of Bolt of Draining by Vehumet.
 26242 | Lair:6   | Found a large runed translucent door.
 26244 | Lair:6   | Found a large runed translucent door.
 26619 | Lair:6   | Learned a level 6 spell: Freezing Cloud
 27243 | D:12     | Found a sacrificial altar of Ru.
 27546 | D:13     | Reached skill level 12 in Spellcasting
 27997 | D:13     | Identified the cursed +1 robe "Omemofru" {Dex+4}
 28068 | D:13     | Found a gate to the Vaults.
 28110 | D:13     | Reached skill level 5 in Air Magic
 28445 | D:13     | You fall into a shaft and drop 2 floors!
 28445 | D:15     | Entered Level 15 of the Dungeon
 28635 | D:15     | Offered knowledge of Bolt of Fire by Vehumet.
 28835 | D:15     | Got a transparent halberd
 28879 | D:14     | Identified the +7 halberd "Ogrebane" {pain, rC- MR+++ Int-3
                  | SInv} (You found it on level 15 of the Dungeon)
 30426 | D:14     | Found Doczier's Book Emporium.
 30739 | D:14     | Offered knowledge of Conjure Ball Lightning by Vehumet.
 31021 | D:15     | Reached XP level 16. HP: 112/112 MP: 31/32
 31027 | D:15     | Learned a level 4 spell: Airstrike
 31192 | D:15     | Reached skill level 13 in Spellcasting
 31298 | D:15     | Found a staircase to the Depths.
 31687 | D:15     | Reached skill level 1 in Ice Magic
 32079 | Elf:1    | Entered Level 1 of the Elven Halls
 32185 | Elf:1    | Noticed Asterion
 32189 | Elf:1    | Killed Asterion
 34003 | Elf:2    | Reached skill level 14 in Spellcasting
 34063 | Elf:2    | Found a runed translucent gate.
 34063 | Elf:2    | Found a runed translucent gate.
 34063 | Elf:2    | Found a runed translucent gate.
 34441 | Elf:2    | Offered knowledge of Orb of Destruction by Vehumet.
 34441 | Elf:2    | Reached skill level 1 in Shields
 34670 | Elf:2    | Reached XP level 17. HP: 117/117 MP: 33/35
 35060 | Elf:2    | Reached skill level 1 in Evocations
 35319 | Elf:2    | Noticed a deep elf blademaster
 35542 | Elf:2    | Killed a deep elf blademaster
 36021 | Elf:3    | Entered Level 3 of the Elven Halls
 36028 | Elf:3    | Found Carij's Armour Boutique.
 36243 | Elf:3    | Noticed a deep elf blademaster
 36249 | Elf:3    | Noticed a deep elf blademaster
 36251 | Elf:3    | Reached skill level 5 in Evocations
 36414 | Elf:3    | Killed a deep elf blademaster
 37302 | Elf:3    | Killed a deep elf blademaster
 37521 | Elf:3    | Reached XP level 18. HP: 114/124 MP: 0/36
 38066 | Elf:3    | Reached skill level 15 in Conjurations
 38491 | Elf:3    | Identified the Handbook of Floating Translocation
 38500 | Elf:3    | Got a scorched battleaxe
 38518 | Elf:3    | Identified the +12 battleaxe of Qeuroefui {venom, rN+} (You
                  | found it on level 3 of the Elven Halls)
 38596 | Elf:3    | Found the +3 hat of Pondering {ponderous, MR+ MP+10 Int+5}
 38673 | Elf:3    | Noticed a deep elf master archer
 38682 | Elf:3    | Killed a deep elf master archer
 39115 | Snake:1  | Entered Level 1 of the Snake Pit
 39299 | Snake:1  | Reached skill level 15 in Spellcasting
 39439 | Snake:1  | Learned a level 7 spell: Orb of Destruction
 39588 | Snake:1  | Found Tuzy's Gadget Shoppe.
 39588 | Snake:1  | Found Suit's Jewellery Shop.
 39590 | Snake:1  | Found Cipaus's Gadget Shoppe.
 40104 | Snake:1  | Offered knowledge of Bolt of Cold by Vehumet.
 40502 | Snake:1  | You fall into a shaft and drop 1 floor!
 40975 | Snake:2  | Found Jiaggig's Magic Scroll Boutique.
 41882 | Snake:2  | Identified a scroll of acquirement
 41883 | Snake:2  | Got a flickering lapis lazuli ring
 41885 | Snake:2  | Identified the ring of Ymaffun {rElec rPois rC- rN+ Dex+3}
                  | (You acquired it on level 2 of the Snake Pit)
 42406 | Snake:3  | Found the +8 arc blade {discharge, rElec}
 42778 | Snake:3  | Noticed Mara
 43515 | Shoals:1 | Entered Level 1 of the Shoals
 43783 | Shoals:1 | Found Uvem Seqoa's Mayhem Merchandise.
 44211 | Shoals:1 | Reached XP level 19. HP: 128/128 MP: 21/38
 45525 | Shoals:2 | Offered knowledge of Lehudib's Crystal Spear by Vehumet.
 45525 | Shoals:2 | Offered knowledge of Fire Storm by Vehumet.
 45525 | Shoals:2 | Offered knowledge of Chain Lightning by Vehumet.
 46028 | Shoals:2 | Noticed Polyphemus
 46038 | Shoals:2 | Killed Polyphemus
 47320 | Shoals:3 | Noticed Ilsuiw
 47333 | Shoals:3 | Killed Ilsuiw
 47905 | Shoals:3 | Found a basalt altar of Yredelemnul.
 47912 | Shoals:3 | Identified Roxanne's Papyrus of the Rocks
 47912 | Shoals:3 | Noticed Roxanne
 48309 | Shoals:3 | Killed Roxanne
 48309 | Shoals:3 | Reached skill level 16 in Spellcasting
 48631 | D:14     | Bought a book of Annihilations for 1656 gold pieces
 48869 | Lair:5   | Found a staircase to the Slime Pits.
 49078 | Lair:4   | Killed hitsuchi's ghost
 50081 | Shoals:4 | Entered Level 4 of the Shoals
 50734 | Shoals:4 | Reached skill level 5 in Ice Magic
 50988 | Shoals:4 | Identified the cursed +0 leather armour of Poupor {rN++}
 51182 | Shoals:4 | Got a barnacled rune of Zot
 51430 | Shoals:4 | Reached XP level 20. HP: 121/137 MP: 22/40
 51813 | Shoals:4 | Found a runed translucent door.
 52063 | Shoals:4 | Noticed teukkam's ghost (journeyman MiFi)
 52079 | Shoals:4 | Killed teukkam's ghost
 52419 | Snake:3  | Killed Mara
 52641 | Snake:4  | Entered Level 4 of the Snake Pit
 52773 | Snake:4  | Found Meshafyna's Food Shop.
 54760 | Snake:4  | Noticed Vashnia
 54788 | Snake:4  | Killed Vashnia
 56406 | Snake:4  | Reached skill level 17 in Spellcasting
 56656 | Snake:4  | Got a serpentine rune of Zot
 57176 | Lair:5   | Learned a level 9 spell: Glaciate
 57374 | Vaults:1 | Entered Level 1 of the Vaults
 58585 | Vaults:1 | Reached XP level 21. HP: 141/144 MP: 28/42
 58910 | Vaults:1 | Found Oramydeqi's Antique Armour Boutique.
 59058 | Vaults:1 | Found Econk's Distillery.
 59077 | Vaults:1 | Bought a potion of haste for 150 gold pieces
 59077 | Vaults:1 | Bought a potion of magic for 120 gold pieces
 59077 | Vaults:1 | Bought 2 potions of curing for 90 gold pieces
 59341 | Vaults:1 | Found Nitaq's Assorted Antiques.
 59343 | Vaults:1 | Found Uxi Ibri's Assorted Antiques.
 59450 | Vaults:1 | Bought a scroll labeled MOOTAN XYUDEA for 29 gold pieces
 59450 | Vaults:1 | Bought a potion of curing for 87 gold pieces
 59600 | Vaults:1 | Found a basalt altar of Yredelemnul.
 59751 | Vaults:1 | Found Otocuima's Book Emporium.
 59754 | Vaults:1 | Bought a book of Misfortune for 380 gold pieces
 60505 | Vaults:2 | Reached skill level 10 in Ice Magic
 60890 | Vaults:2 | Found a runed translucent gate.
 60890 | Vaults:2 | Found a runed translucent gate.
 60890 | Vaults:2 | Found a runed translucent gate.
 61993 | Vaults:2 | Found the cursed +13 scythe of Curses {drain, *Curse}
 63575 | Orc:2    | Bought a scroll of amnesia for 49 gold pieces
 63585 | Orc:2    | Learned a level 8 spell: Chain Lightning
 64832 | Vaults:3 | Noticed a bone dragon
 64840 | Vaults:3 | Killed a bone dragon
 64941 | Vaults:3 | Found a staircase to the Crypt.
 64988 | Vaults:3 | Noticed Bai Suzhen
 65138 | Vaults:3 | Killed Bai Suzhen
 65147 | Vaults:3 | Reached XP level 22. HP: 150/150 MP: 9/43
 65292 | Vaults:3 | Reached skill level 18 in Spellcasting
 65496 | Vaults:3 | Found Tuatiegi's Armour Emporium.
 65736 | Vaults:3 | Found Kuata's Magic Scroll Boutique.
 65826 | Vaults:3 | Found Zutaist's Assorted Antiques.
 65837 | Vaults:3 | Bought a puce potion for 25 gold pieces
 65971 | Vaults:3 | Found Veih Zun's Assorted Antiques.
 65972 | Vaults:3 | Found Desud's Antique Armour Shoppe.
 66273 | Vaults:3 | Learned a level 1 spell: Apportation
 67581 | Vaults:4 | Noticed Saint Roka
 67586 | Vaults:4 | Killed Saint Roka
 68860 | Vaults:4 | Found Hiva's Distillery.
 69789 | Vaults:5 | Entered Level 5 of the Vaults
 70205 | Vaults:5 | Noticed a golden dragon
 70209 | Vaults:5 | Killed a golden dragon
 70209 | Vaults:5 | Reached XP level 23. HP: 155/155 MP: 39/45
 70451 | Vaults:5 | Noticed a golden dragon
 70461 | Vaults:5 | Killed a golden dragon
 70484 | Vaults:5 | Identified the amulet "Ipou" {Faith rN+ Stlth+}
 70497 | Vaults:5 | Noticed a golden dragon
 71536 | Vaults:5 | Learned a level 3 spell: Confuse
 71596 | Vaults:5 | Found the +3 giant club "Skullcrusher" {speed, Str+7}
 71917 | Vaults:5 | Killed a golden dragon
 72193 | Vaults:5 | Reached skill level 19 in Spellcasting
 72392 | Vaults:5 | Identified the amulet of Rodghoa {Acrobat rElec rC+}
 72586 | Vaults:5 | Found Voelul Veopu's Jewellery Shop.
 73341 | Vaults:5 | Found the +7 Singing Sword {slice, sonic wave}
 73996 | Vaults:5 | Found Seced's Book Shoppe.
 74184 | Vaults:5 | Identified the Tome of the Spatial Escort
 74223 | Vaults:5 | Reached XP level 24. HP: 132/162 MP: 37/46
 74586 | Vaults:5 | Got a silver rune of Zot
 75505 | Vaults:2 | Found a runed translucent gate.
 75505 | Vaults:2 | Found a runed translucent gate.
 75509 | Vaults:2 | Found a runed translucent gate.
 75509 | Vaults:2 | Noticed mantisjm's ghost (veteran HOFi)
 75688 | Depths:1 | Entered Level 1 of the Depths
 75688 | Depths:1 | Found a gateway to a ziggurat.
 76325 | Depths:1 | Found a gateway to Hell.
 76656 | Depths:1 | Found a sparkling altar of Nemelex Xobeh.
 77759 | Depths:2 | Reached skill level 15 in Ice Magic
 78230 | Depths:2 | Found a transporter.
 78741 | Depths:2 | Found a transporter.
 79547 | Depths:3 | Noticed Nikola
 79556 | Depths:2 | Killed Nikola
 79826 | Depths:3 | Found a radiant altar of Vehumet.
 79828 | Depths:3 | Noticed the Enchantress
 79835 | Depths:3 | Killed the Enchantress
 79965 | Depths:3 | Identified the +7 long sword "Jiff" {freeze, rPois Str+6
                  | Dex-4} (You found it on level 3 of the Depths)
 80383 | Depths:3 | Noticed Xtahua
 80578 | Depths:3 | Found a one-way gate leading to the halls of Pandemonium.
 80580 | Depths:3 | Reached XP level 25. HP: 167/167 MP: 44/46
 80834 | Depths:3 | Killed Xtahua
 81504 | Depths:3 | Reached skill level 20 in Spellcasting
 82672 | Slime:1  | Entered Level 1 of the Pits of Slime
 83306 | Slime:5  | Entered Level 5 of the Pits of Slime
 83322 | Slime:5  | Noticed the Royal Jelly
 83329 | Slime:5  | Killed the Royal Jelly
 83770 | Slime:5  | Found the +9 staff of Olgreb {rPois}
 83775 | Slime:5  | Got a slimy rune of Zot
 83783 | Slime:5  | Identified the amulet "Mah Goka" {Spirit Str+3} (You found
                  | it on level 5 of the Pits of Slime)
 83818 | Slime:5  | Identified the ring of Qigur {rElec rF+ rC+ Dex+3} (You
                  | found it on level 5 of the Pits of Slime)
 84001 | Slime:5  | Identified the +6 spear of Optimality {holy, Dex+4 Stlth+}
                  | (You found it on level 5 of the Pits of Slime)
 84029 | Slime:5  | Learned a level 8 spell: Lehudib's Crystal Spear
 84056 | Slime:5  | Got a twisted mace
 84057 | Slime:5  | Identified the +7 mace of Chaos {flame, *Noise +Fly Dex-2
                  | SInv} (You found it on level 5 of the Pits of Slime)
 84104 | Slime:5  | Learned a level 3 spell: Regeneration
 84108 | Slime:5  | Learned a level 3 spell: Ozocubu's Armour
 84524 | Depths:4 | Found a one-way gate to the infinite horrors of the Abyss.
 84544 | Depths:4 | Reached skill level 1 in Earth Magic
 84778 | Depths:4 | Reached XP level 26. HP: 173/173 MP: 46/47
 86562 | Depths:4 | You fall into a shaft and drop 1 floor!
 86562 | Depths:5 | Entered Level 5 of the Depths
 86568 | Depths:5 | Reached skill level 1 in Staves
 86581 | Depths:5 | Reached skill level 21 in Spellcasting
 87467 | Depths:5 | Noticed Jory
 87474 | Depths:5 | Killed Jory
 87474 | Depths:5 | Reached skill level 5 in Staves
 88538 | Depths:5 | Found Enlut's Jewellery Shop.
 88544 | Depths:5 | Bought the ring of Ongugg {rC+ Dex+4 Slay+3 Stlth+} for 892
                  | gold pieces
 88544 | Depths:5 | Bought the ring "Nudaal" {Wiz rF+ rN+ Str+2 Stlth-} for 867
                  | gold pieces
 89274 | Depths:5 | Learned a level 6 spell: Deflect Missiles
 89300 | Depths:5 | Found a gate to the Realm of Zot.
 89546 | Depths:2 | Noticed a juggernaut
 89586 | Depths:2 | Killed a juggernaut
 89685 | Depths:2 | Reached skill level 15 in Dodging
 89693 | Depths:2 | Reached XP level 27. HP: 182/182 MP: 18/48
 90098 | Depths:2 | Identified the Collected Works on Cold and Earth
 90106 | Depths:2 | Got a coiled bone ring
 90128 | Depths:2 | Got a twitching bone ring
 90210 | Depths:3 | Identified the ring "Sidaun" {rPois rN+ SInv Stlth-} (You
                  | found it on level 2 of the Depths)
 90212 | Depths:3 | Identified the ring "Ranouloc" {AC+2 Int+3 Dex+4} (You
                  | found it on level 2 of the Depths)
 90254 | Depths:4 | Voluntarily entered the Abyss.
 92560 | Abyss:3  | Found a corrupted altar of Lugonu.
 92786 | Depths:4 | Escaped the Abyss
 93103 | Crypt:1  | Entered Level 1 of the Crypt
 93668 | Crypt:1  | Noticed Donald
 93671 | Crypt:1  | Killed Donald
 93671 | Crypt:1  | Reached skill level 5 in Shields
 95350 | Vaults:3 | Bought a scroll of enchant armour for 120 gold pieces
 95793 | Crypt:2  | Noticed Frederick
 95796 | Crypt:2  | Killed Frederick
 96409 | Crypt:2  | Noticed Margery
 96415 | Crypt:2  | Killed Margery
 96708 | Crypt:2  | Found an ancient bone altar of Kikubaaqudgha.
 96747 | Crypt:2  | Reached skill level 10 in Shields
 97109 | Crypt:3  | Entered Level 3 of the Crypt
 97615 | Crypt:3  | Noticed an ancient lich
 98952 | Crypt:3  | Killed an ancient lich
 99136 | Crypt:3  | Got a clouded brass ring
 99140 | Crypt:3  | Identified the ring of Abstinence {*Corrode rF+ rN+ Int+3}
                  | (You found it on level 3 of the Crypt)
 99141 | Crypt:3  | Identified the ring of Fogg {rPois rN+} (You found it on
                  | level 3 of the Crypt)
 99142 | Crypt:3  | Identified the ring of Ozxog {rF+ rN+ SInv} (You found it
                  | on level 3 of the Crypt)
 99201 | Crypt:3  | Found a staircase to the Tomb.
 99230 | Crypt:3  | Found an ancient bone altar of Kikubaaqudgha.
 99237 | Crypt:3  | Found the +8 Wrath of Trog {antimagic, *Rage}
 99611 | Vaults:2 | Killed mantisjm's ghost
 99774 | Vaults:2 | Identified the +1 hat of the Circus Animal {rN+ Dex+4} (You
                  | found it on level 2 of the Vaults)
100848 | Snake:2  | Bought a scroll of holy word for 90 gold pieces
100848 | Snake:2  | Bought a scroll of teleportation for 36 gold pieces
100848 | Snake:2  | Bought a scroll of magic mapping for 42 gold pieces
100848 | Snake:2  | Bought a scroll of identify for 24 gold pieces
101313 | Zot:1    | Entered Level 1 of the Realm of Zot
101868 | Zot:1    | Reached skill level 15 in Shields
102700 | Zot:2    | Identified the ring of Bathot {MR- rCorr Str+5} (You found
                  | it on level 2 of the Realm of Zot)
103344 | Zot:3    | Found a shimmering blue altar of Sif Muna.
103922 | Zot:3    | Reached skill level 15 in Stealth
104034 | Zot:3    | Reached skill level 22 in Spellcasting
104228 | Zot:1    | Learned a level 6 spell: Poison Arrow
104480 | Zot:3    | Identified the +7 war axe of Recklessness {holy, +Blink
                  | rElec} (You found it on level 3 of the Realm of Zot)
104883 | Zot:4    | Got a faintly glowing tin ring
104921 | Zot:4    | Identified the ring of Yxtoeluh {rElec MR+ Stlth+} (You
                  | found it on level 4 of the Realm of Zot)
105530 | Zot:4    | Reached skill level 23 in Spellcasting
105727 | Zot:4    | Found a runed translucent gate.
105727 | Zot:4    | Found a runed translucent gate.
105731 | Zot:4    | Noticed Beclu's ghost (legendary GnSk)
105731 | Zot:4    | Found a runed translucent gate.
105732 | Zot:4    | Identified the amulet of Ymeod {rF+ Regen+ Str+5}
106688 | Zot:5    | Entered Level 5 of the Realm of Zot
107228 | Zot:5    | Reached skill level 24 in Spellcasting
107238 | Zot:5    | Noticed an orb of fire
107867 | Depths:3 | Learned a level 5 spell: Aura of Abjuration
107877 | Depths:3 | Learned a level 9 spell: Fire Storm
108429 | Zot:5    | Killed an orb of fire
108444 | Zot:5    | Noticed an ancient lich
108447 | Zot:5    | Noticed an orb of fire
108449 | Zot:5    | Noticed an orb of fire
108450 | Zot:5    | Killed an ancient lich
108450 | Zot:5    | Reached skill level 25 in Spellcasting
108453 | Zot:5    | Gained mutation: You are somewhat resistant to further
                  | mutation. [an orb of fire]
108454 | Zot:5    | Killed an orb of fire
108456 | Zot:5    | Noticed an ancient lich
108458 | Zot:5    | Killed an orb of fire
108459 | Zot:5    | Killed an ancient lich
108459 | Zot:5    | HP: 6/183 [tentacled monstrosity (6)]
109065 | Zot:5    | Reached skill level 1 in Fire Magic
109148 | Zot:5    | Reached skill level 26 in Spellcasting
109507 | Zot:5    | Got the Orb of Zot
109594 | Zot:1    | Noticed Iguu the pandemonium lord
109933 | D:4      | Reached skill level 5 in Fire Magic
109941 | D:4      | Noticed Tionofos the pandemonium lord
109950 | D:4      | Noticed Ocaduifo the pandemonium lord
110038 | D:$      | Escaped with the Orb!

Levels and vault maps discovered:
D:1:      ldierk_walled_garden_2, layout_rooms, chequers_serial_rivers_small_b
D:2:      layout_basic
D:3:      layout_basic, nicolae_gozag_seed_capital, uniq_sigmund
D:4:      layout_rooms
D:5:      layout_loops_ring, minmay_temple_entry_hall, first_ration
D:6:      layout_loops_ring, dancing_weapons_uskayaw, serial_shops,
          nicolae_shop_behind_doors, minmay_misc_feat_columns,
          minmay_manual_monolith
D:7:      layout_loops_ring
D:8:      layout_rooms, grunt_lair_entry_orc_guard_hut, serial_curves,
          eino_curves_03, eino_curves_04
D:9:      layout_layer_cave, enter_bailey_2, nicolae_dithmenos_the_darkroom
D:10:     minmay_the_grid_triangle_9x9_recursive_2_mashed
          [minmay_the_grid_triangle_9x9_prize_special,
          minmay_the_grid_triangle_9x9_negative_grid,
          minmay_the_grid_triangle_9x9_swiss_cheese,
          minmay_the_grid_triangle_9x9_checkered], layout_basic, uniq_josephine,
          uniq_sonja, uniq_erica
D:11:     layout_loops_cross, orc_david_3, uniq_gastronok, uniq_harold
D:12:     layout_rooms, blue_anna_alchemist [blue_anna_fruit_fields,
          blue_anna_fruit_fields], hangedman_abyss_or_decor_stabs,
          nicolae_ru_sacrificial_ziggurat
D:13:     layout_loops_corners, lightli_vaults_fourway_checkpoint,
          minmay_tree_intersection
D:14:     layout_stronghold, corexii_hall_statues_i, kennysheep_windowed_goal
D:15:     grunt_enter_depths_hoard, layout_loops_ring, hangedman_decor_opposing
Temple:   kilobyte_greek_temple
Lair:1:   layout_regular_city
Lair:2:   layout_chaotic_city, dummy_snake_entry, serial_bayou_lagoon_b
Lair:3:   layout_roguey, zaba_anthell, lemuel_fruit_fields, grunt_megastairs_5,
          lemuel_fruit_fields, minmay_lair_oklob_chamber, uniq_nergalle
Lair:4:   layout_regular_city, elwin_shoals_entry_stream,
          ebering_ghost_rock_garden, grunt_megastairs_3
Lair:5:   layout_regular_city, minmay_slime_entry_oklob_open, grunt_megastairs_2
Lair:6:   cheibrodos_lair_end_hotspot, layout_gridlike
Shoals:1: layout_shoals, minmay_shop_mayhem, nicolae_shoals_seven_spires,
          nicolae_shoals_siren_and_animal_friends
Shoals:2: layout_shoals, uniq_polyphemus
Shoals:3: layout_shoals, lemuel_oklob_altar, uniq_ilsuiw, uniq_roxanne
Shoals:4: shoals_end_grunt_garden, layout_shoals, ebering_ghost_reflecting_pool
Snake:1:  layout_basic, serial_bayou_shore_a, grunt_megastairs_1,
          minmay_shop_grove
Snake:2:  layout_cave_town, serial_shops, shop
Snake:3:  layout_grid_shapes, uniq_mara
Snake:4:  minmay_snake_end_coiled, layout_misc_corridors, serial_shops, shop,
          uniq_vashnia
Slime:1:  layout_caves, basic_altar
Slime:2:  layout_caves
Slime:3:  layout_caves
Slime:4:  layout_caves
Slime:5
Orc:1:    layout_caves, serial_shops, shop, portal_ice_cave_entry_ice_beasts
Orc:2:    grunt_orc_tribal_feast, layout_caves
Elf:1:    layout_geoelf_grid, kennysheep_underground_church, uniq_asterion
Elf:2:    layout_geoelf_octagon, serial_sigils_hangedman_stare
Elf:3:    minmay_elf_hall_spiked, layout_loops_cross, serial_shops,
          nicolae_shop_competitors_out_of_business
Vaults:1: ontoclasm_vaults_ring_large, nicolae_vaults_quadrants, v_misc_31,
          nicolae_vaults_network_square, nicolae_vaults_little_squares_6,
          nicolae_vaults_circle_grid_b, v_alt_pattern_3,
          nicolae_vaults_circle_grid_b, v_misc_27, vaults_room_semicircle,
          vaults_dpeg_encased_lava, layout_vaults_maze_snakey, basic_altar,
          serial_shops, nicolae_shop_window_shopping,
          nicolae_shop_overgrown_old_shop, nicolae_shop_behind_doors, shop, shop
Vaults:2: ploomutoo_gammafunk_vaults_ghost_potion_laboratory,
          nicolae_vaults_little_squares_5, v_alt_pattern_2, grunt_vaults_funnel,
          v_misc_10, vaults_dpeg_spiral, vaults_mumra_hex, v_alt_pattern_6,
          vaults_room_stairs_pillars, hangedman_vaults_pinch,
          nicolae_vaults_diagonal_hallway_7, ontoclasm_vaults_shuriken,
          nicolae_vaults_diagonal_hallway_8, nicolae_vaults_theta,
          ontoclasm_vaults_twist, ontoclasm_vaults_shout, layout_vaults_ring
Vaults:3: v_alt_pattern_3, v_misc_27, dpeg_vaults_monster_row,
          minmay_crypt_entry_nasty_monster, nicolae_vaults_network_star,
          ontoclasm_vaults_eye, layout_vaults_quadrants, serial_shops, shop,
          shop_statue, nicolae_shop_trees, shop, nicolae_shop_trees,
          uniq_bai_suzhen
Vaults:4: ontoclasm_vaults_chip, nicolae_vaults_big_ls, v_misc_27,
          ontoclasm_vaults_ligature, v_misc_10, v_rooms_3,
          hangedman_vaults_nails, v_misc_16, vaults_room_ringed_pool,
          vaults_mumra_lcd, nicolae_vaults_little_squares_5,
          nicolae_vaults_rhombus_5, nicolae_vaults_little_squares_4,
          layout_vaults_omnibox, serial_shops, shop, uniq_saint_roka
Vaults:5
Crypt:1:  layout_catacombs, grunt_crypt_arrival_webbed, uniq_donald
Crypt:2:  layout_rooms, basic_altar, grunt_megastairs_4, uniq_frederick,
          uniq_margery
Crypt:3:  cryptofortress_bobbens
Depths:1: layout_gridlike, ziggurat_fallback, hell_entry, minmay_misc_feat_five,
          nemelex_altar_shiori, serial_bayou_shore_b
Depths:2: gammafunk_dig_for_victory, layout_gridlike, hell_entry,
          hangedman_decor_riveting, infiniplex_staircase_spiral
Depths:3: grunt_forest_end_shrine, layout_gridlike, hell_entry, pan_entry,
          hangedman_abyss_or_decor_passed, infiniplex_staircase_zigzag_2,
          uniq_nikola, uniq_xtahua
Depths:4: minmay_expanding_squares, layout_basic, serial_co_window_serial,
          co_window_paths_b, co_window_corner_a, co_window_paths_b,
          co_window_of_opportunity_a, co_window_corner_a, co_window_paths_a,
          co_window_corner_a, co_window_paths_a, co_window_of_opportunity_a,
          co_window_unsneaky_path_a, co_window_corner_b, co_window_paths_c,
          co_window_paths_d, glass_columns_a, glass_columns_b, glass_columns_c,
          glass_columns_c, abyss_entry, hell_entry
Depths:5: grunt_zot_entry_bicorn, layout_small_grid, grunt_hell_entry_dis_mu,
          serial_shops, shop, chequers_serial_rivers_large_a,
          chequers_serial_rivers_small_3, serial_bayou_shore_b, uniq_jory
Zot:1:    layout_onion
Zot:2:    layout_basic, st_single_dragon_hoard_2
Zot:3:    layout_misc_corridors, basic_altar
Zot:4:    layout_gridlike, gammafunk_ghost_tricky_traps
Zot:5:    layout_basic

Skill      XL: |  1  2  3  4  5  6  7  8  9 10 11 12 13 14 15 16 17 18 19 20 21 22 23 24 25 26 27 |
---------------+----------------------------------------------------------------------------------+-----
Stealth        | 3 4 5 6 8 9 11 12 13 15 | 15.0
Poison Magic   | 4 5 6 8 10 13 15 16 17 | 17.0
Dodging        | 3 4 5 8 10 11 12 13 14 15 18 | 18.0
Spellcasting   | 3 4 5 6 7 9 11 12 14 15 16 17 18 19 20 21 26 | 26.2
Conjurations   | 2 3 4 6 7 8 10 12 14 15 16 18 19 21 22 23 | 23.0
Fighting       | 1 2 4 5 6 7 9 10 11 12 13 14 | 14.0
Air Magic      | 2 4 5 7 |  7.0
Translocations | 2 |  2.0
Ice Magic      | 3 5 9 11 12 13 16 18 | 18.0
Shields        | 2 4 15 | 15.0
Evocations     | 6 8 |  8.0
Earth Magic    | 2 4 |  4.0
Staves         | 6 |  6.0
Fire Magic     | 5 |  5.1

Action                   |  1- 3 |  4- 6 |  7- 9 | 10-12 | 13-15 | 16-18 | 19-21 | 22-24 | 25-27 || total
-------------------------+-------+-------+-------+-------+-------+-------+-------+-------+-------++-------
Melee: Unarmed           |    11 |       |       |       |       |       |       |       |       ||    11
       Constrict         |    11 |     7 |    19 |    22 |    49 |     9 |     3 |    11 |    37 ||   168
       Tentacles         |    12 |     3 |    21 |    44 |    73 |    13 |     4 |    17 |   123 ||   310
       Dagger            |    26 |    31 |    68 |       |       |       |       |       |       ||   125
       Falchion          |       |       |    47 |    87 |   179 |    13 |       |       |       ||   326
       Hand axe          |       |       |       |   102 |       |     7 |       |       |       ||   109
       Scimitar          |       |       |       |       |     6 |       |       |       |       ||     6
       Rapier            |       |       |       |       |       |     1 |     3 |    44 |    23 ||    71
       Staff             |       |       |       |       |       |     1 |     9 |    11 |   300 ||   321
       Spear             |       |       |       |       |       |       |       |       |     2 ||     2
Throw: Stone             |       |       |       |       |       |     1 |       |       |       ||     1
       Dart              |       |       |       |       |       |       |       |     1 |       ||     1
 Cast: Sting             |    41 |    80 |   124 |    98 |    27 |       |       |       |       ||   370
       Mephitic Cloud    |       |     1 |     8 |    23 |    12 |     7 |     1 |       |       ||    52
       Olgreb's Toxic Ra |       |     2 |    20 |    65 |   121 |    43 |    53 |    70 |    20 ||   394
       Conjure Flame     |       |       |    12 |    18 |    21 |       |       |       |       ||    51
       Blink             |       |       |     4 |     4 |     4 |     2 |     2 |     3 |     2 ||    21
       Venom Bolt        |       |       |       |    71 |   253 |   213 |    15 |       |       ||   552
       Stone Arrow       |       |       |       |    82 |       |       |       |       |       ||    82
       Iron Shot         |       |       |       |       |    75 |   148 |   195 |    57 |     4 ||   479
       Airstrike         |       |       |       |       |       |   110 |    62 |       |       ||   172
       Freezing Cloud    |       |       |       |       |       |    43 |   136 |   104 |    15 ||   298
       Orb of Destructio |       |       |       |       |       |       |   301 |   329 |   268 ||   898
       Chain Lightning   |       |       |       |       |       |       |     1 |    51 |    22 ||    74
       Glaciate          |       |       |       |       |       |       |       |       |   313 ||   313
       Spellforged Servi |       |       |       |       |       |       |       |       |    30 ||    30
       Lehudib's Crystal |       |       |       |       |       |       |       |       |   245 ||   245
       Regeneration      |       |       |       |       |       |       |       |       |    10 ||    10
       Deflect Missiles  |       |       |       |       |       |       |       |       |     5 ||     5
       Apportation       |       |       |       |       |       |       |       |       |     4 ||     4
       Poison Arrow      |       |       |       |       |       |       |       |       |     1 ||     1
       Ozocubu's Armour  |       |       |       |       |       |       |       |       |     1 ||     1
 Abil: Evoke Flight      |       |       |       |     1 |       |       |       |       |       ||     1
Evoke: Wand              |       |       |     6 |     2 |     2 |       |     1 |       |    10 ||    21
       Staff of Olgreb   |       |       |       |       |       |       |       |       |    54 ||    54
       Fan of gales      |       |       |       |       |       |       |       |       |     1 ||     1
  Use: Potion            |       |     2 |     1 |     5 |     2 |    10 |     8 |     3 |    14 ||    45
       Scroll            |       |    10 |     9 |     8 |    16 |    17 |    12 |    12 |    32 ||   116
 Stab: Sleeping          |       |     1 |     5 |     8 |     5 |     1 |       |       |     4 ||    24
       Invisible         |       |       |     2 |     2 |       |       |       |       |       ||     4
       Confused          |       |       |       |     5 |       |     1 |     1 |       |       ||     7
       Distracted        |       |       |       |     1 |       |       |       |       |     2 ||     3
  Eat: Chunk             |       |     7 |    12 |    36 |    55 |    23 |    33 |    40 |    28 ||   234
       Ration            |       |       |     2 |     5 |     5 |     6 |    14 |     4 |    27 ||    63
Armor: Skin              |       |     1 |     2 |     8 |     3 |     3 |     7 |     6 |    18 ||    48
Dodge: Dodged            |    28 |    19 |    85 |   177 |   249 |   134 |   247 |   210 |   389 ||  1538
       Deflected         |       |       |       |       |       |       |       |       |    26 ||    26
Block: Buckler           |       |       |       |       |       |    64 |   221 |   195 |   249 ||   729
       Reflection        |       |       |       |       |       |     2 |    72 |    78 |    34 ||   186
       Shield            |       |       |       |       |       |       |       |       |   121 ||   121
       Rpst.: Falchion   |       |       |    12 |    14 |    60 |    10 |       |       |       ||    96
       Scimitar          |       |       |       |       |     2 |       |       |       |       ||     2
